 Dungeon Crawl Stone Soup version 0.24.0-124-g2791043dd8 (webtiles) character file.

Game seed: 13153206771525619613, levelgen mode: deterministic

361118 eodem the Slayer (level 21, -2/217 HPs)
             Began as a Minotaur Berserker on Feb 12, 2020.
             Was the Champion of Trog.
             Killed from afar by a frost giant (20 damage)
             ... with a bolt of cold
             ... on level 2 of the Depths on Feb 14, 2020.
             The game lasted 04:17:46 (59536 turns).

eodem the Slayer (Minotaur Berserker)              Turns: 59536, Time: 04:17:46

Health: -2/217     AC: 34    Str: 40    XL:     21   Next: 49%
Magic:  25/25      EV:  9    Int:  4    God:    Trog [******]
Gold:   3572       SH: 29    Dex: 16    Spells: 20/20 levels left

rFire    + . .     SeeInvis .   Z - +5 war axe of Currency {flame, rPois MR++}
rCold    . . .     Gourm    .   I - +2 large shield {AC+3}
rNeg     + + .     Faith    .   C - +3 plate armour {rF+}
rPois    +         Spirit   .   j - +1 hat {Int+3}
rElec    .         Reflect  +   V - scarf {repulsion}
rCorr    .         Harm     .   z - +1 pair of gloves
MR       ++++.                  W - +0 pair of boots of the Rose {rN++ Str+4 Int-3}
Stlth    ..........             q - +2 amulet of reflection
HPRegen  0.46/turn              w - ring of Bofo {AC+3 Str+6 Dex+4 Stlth-}
MPRegen  0.19/turn              U - ring of protection from magic

@: repel missiles
A: retaliatory headbutt, horns 2
}: 2/15 runes: serpentine, barnacled
a: Berserk, Trog's Hand, Brothers in Arms, Renounce Religion


You were on level 2 of the Depths.
You worshipped Trog.
Trog was exalted by your worship.
You were not hungry.

You visited 9 branches of the dungeon, and saw 39 of its levels.

You collected 4791 gold pieces.
You spent 1219 gold pieces at shops.

Inventory:

Hand Weapons
 b - the +10 war axe "Ubawn" {chop, +Rage rElec Dex+4}
   (You found it on level 3 of the Lair of Beasts)

   It inflicts extra damage upon your enemies.
   It affects your dexterity (+4).
   It insulates you from electricity.
   It lets you go berserk.
 M - the +7 broad axe of the Viper {venom, rC+ rN+}
   (You found it on level 3 of the Snake Pit)

   It poisons the flesh of those it strikes.
   It protects you from cold.
   It protects you from negative energy.
 O - the +5 war axe of Trog's Pride {antimagic, rElec rF+}
   (Trog gifted it to you on level 3 of the Snake Pit)

   It reduces the magical energy of the wielder, and disrupts the spells and
   magical abilities of those hit.
   Natural abilities and divine invocations are not affected.
   It protects you from fire.
   It insulates you from electricity.
 Z - the +5 war axe of Currency (weapon) {flame, rPois MR++}
   (You took it off an orc warrior on level 13 of the Dungeon)

   It has been specially enchanted to burn those struck by it, causing extra
   injury to most foes and up to half again as much damage against particularly
   susceptible opponents.
   Big, fiery blades are also staple armaments of hydra-hunters.
   It protects you from poison.
   It affects your resistance to hostile enchantments.
Armour
 j - a +1 hat of intelligence (worn)
 z - a +1 pair of gloves (worn)
 C - a +3 plate armour of fire resistance (worn)
 I - a +2 large shield of protection (worn)
 Q - a scarf of resistance
 V - a scarf of repulsion (worn)
 W - the +0 pair of boots of the Rose (worn) {rN++ Str+4 Int-3}
   (You found it on level 6 of the Lair of Beasts)

   It affects your strength (+4).
   It affects your intelligence (-3).
   It greatly protects you from negative energy.
Jewellery
 i - an uncursed ring of see invisible
 m - an uncursed ring of protection from fire
 q - a +2 amulet of reflection (around neck)
 w - the ring of Bofo (left hand) {AC+3 Str+6 Dex+4 Stlth-}
   (You found it on level 2 of the Depths)

   [ring of protection]

   It affects your AC (+3).
   It affects your strength (+6).
   It affects your dexterity (+4).
   It makes you less stealthy.
 E - a +4 ring of slaying
 G - an uncursed ring of protection from cold
 U - a ring of protection from magic (right hand)
Wands
 r - a wand of enslavement (31)
 t - a wand of digging (17)
 x - a wand of disintegration (14)
 y - a wand of flame (51)
 D - a wand of paralysis (8)
 F - a wand of iceblast (11)
 S - a wand of acid (14)
 X - a wand of scattershot (2)
Scrolls
 e - 3 scrolls of summoning
 g - 22 scrolls of remove curse
 h - 10 scrolls of enchant armour
 k - 2 scrolls of acquirement
 l - a scroll of holy word
 n - 3 scrolls of blinking
 s - 11 scrolls of teleportation
 u - 8 scrolls of enchant weapon
 H - 7 scrolls of fog
 K - a scroll of magic mapping
 R - 3 scrolls of identify
 Y - 4 scrolls of fear
Potions
 a - 4 potions of agility
 d - 4 potions of heal wounds
 f - 6 potions of flight
 o - 13 potions of curing
 p - a potion of berserk rage
 v - 4 potions of might
 A - 7 potions of haste
 B - 4 potions of ambrosia
 J - 3 potions of invisibility
 L - 4 potions of lignification
 N - 2 potions of resistance
 P - 5 potions of cancellation
Comestibles
 c - 29 rations


   Skills:
 - Level 25.3 Fighting
 - Level 15.0(18.5) Axes
   Level 18.3(20.1) Maces & Flails
 + Level 20.3 Armour
 - Level 2.1 Dodging
 * Level 17.9 Shields
 - Level 7.1 Evocations


You had 20 spell levels left.
You didn't know any spells.
Your spell library was empty.

Dungeon Overview and Level Annotations

Branches:
Dungeon (15/15)            Temple (1/1) D:7            Lair (6/6) D:11
 Shoals (4/4) Lair:2        Snake (4/4) Lair:3        Slime (0/5) Lair:5
    Orc (2/2) D:9             Elf (2/3) Orc:2        Vaults (3/5) D:14
  Crypt (0/3) Vaults:3     Depths (2/5) D:15

Altars:
Dithmenos
Elyvilon
Gozag
Hepliaklqana
Kikubaaqudgha
Okawaru
Trog
Uskayaw
Xom
Zin
Beogh

Shops:
D:4 }   Orc:2 }[([   Shoals:3 *   Snake:3 !   Vaults:1 [

Portals:
Hell: Depths:1
Pandemonium: Depths:1
Ziggurat: Depths:1

Annotations:
Snake:1 2 transporters


Innate Abilities, Weirdness & Mutations

You reflexively headbutt those who attack you in melee.
You have a pair of horns on your head.


Message History

The rakshasa completely misses you.
The rakshasa weaves an illusion.
The rakshasa shimmers and seems to become two!
There is an open door here.
The frost giant points at you and mumbles some strange words.
The bolt of cold hits you!!!
* * * LOW HITPOINT WARNING * * *
The rakshasa blinks!
The rakshasa weaves an illusion.
The frost giant shimmers and seems to become two!
The frost giant casts a spell at you.
The bolt of cold hits the rakshasa!
The rakshasa resists.
The bolt of cold hits you!!
* * * LOW HITPOINT WARNING * * *
The rakshasa closely misses you.
The rakshasa weaves an illusion.
The rakshasa shimmers and seems to become two!
The frost giant gestures at you while chanting.
The bolt of cold hits you!!
You die...

####e#...
..
#(R......
#R)......
##RV##....
#.V## ###
##CC####
##.R....#
#.......#
#.#..@...#
#.##......#
## #..)...#
#......#
#.<....#
+......#
#......#
#......#
#......#


You could see 2 frost giants, 4 rakshasas and 2 vampire magi.

Vanquished Creatures
  Mennas (Vaults:3)
  Bai Suzhen (Shoals:4)
  Vashnia (Snake:2)
  Saint Roka (Snake:4)
  2 liches
  Jorgrun (Snake:1)
  Gastronok (Lair:1)
  Polyphemus (Shoals:4)
  A kraken (Shoals:4)
  The ghost of Veruih the Severer, an adept DDFi of Makhleb (Snake:2)
  Kirke (D:14)
  Ilsuiw (Shoals:2)
  11 nagarajas
  A frost giant (Depths:2)
  7 vault wardens
  Louise (Shoals:4)
  Aizul (Snake:1)
  A balrug (Depths:1)
  2 orc warlords (Orc:2)
  2 deep elf elementalists
  9 ironheart preservers
  4 stone giants
  3 very ugly things
  A vampire knight (Depths:2)
  The ghost of eodem the Warrior, a journeyman DrMo of Yredelemnul (Lair:3)
  A deep elf annihilator (Vaults:3)
  Azrael (Snake:2)
  6 fire dragons
  3 merfolk javelineers
  Snorg (Lair:4)
  A deep elf death mage (Elf:2)
  10 merfolk impalers
  2 ettins
  7 yaktaur captains
  A great orb of eyes (Depths:1)
  5 ice dragons
  2 vault guards (Vaults:3)
  9 hydras
  12 naga warriors
  An alligator snapping turtle (Shoals:3)
  2 catoblepae
  9 two-headed ogres
  A death knight (D:15)
  11 anacondas
  Erica (Lair:1)
  3 merfolk avatars
  5 deep troll shamans
  9 centaur warriors
  6 merfolk aquamancers
  6 ogre magi
  A satyr (Shoals:3)
  2 tengu warriors (Depths:1)
  15 death yaks
  27 dancing weapons
  5 shock serpents
  6 deep troll earth magi
  10 naga sharpshooters
  A vampire mage (Vaults:3)
  Nergalle (Lair:1)
  2 orc high priests (Orc:2)
  13 deep elf knights
  Sonja (Lair:5)
  4 salamander mystics
  11 skeletal warriors
  An iron troll (Depths:2)
  33 sea snakes
  6 wizards
  An unseen horror (D:10)
  12 deep elf archers
  2 flayed ghosts
  A sea snake (shapeshifter) (Vaults:2)
  19 deep trolls
  2 glowing orange brains
  4 naga ritualists
  Pikel (D:7)
  A tengu zombie (Vaults:3)
  9 orc knights
  21 harpies
  2 necromancers
  7 ironbrand convokers
  37 deep elf magi
  8 mana vipers
  7 orc sorcerers
  An orb spider (shapeshifter) (D:14)
  A shadow dragon skeleton (Vaults:3)
  16 ugly things
  A wolf spider (Vaults:3)
  A manticore (shapeshifter) (Depths:1)
  14 fauns
  A salamander (shapeshifter) (Vaults:2)
  7 cyclopes
  A shining eye (shapeshifter) (Vaults:3)
  13 salamanders
  A frost giant zombie (Depths:1)
  12 manticores
  14 merfolk sirens
  8 elephants (Lair:6)
  3 water nymphs
  6 guardian serpents
  12 vault sentinels
  Joseph (D:7)
  40 black mambas
  2 gargoyles
  16 naga magi
  A torpor snail (Lair:6)
  A yaktaur zombie (Vaults:3)
  A rime drake (Lair:6)
  11 spiny frogs
  12 komodo dragons
  11 yaktaurs
  A komodo dragon (shapeshifter) (D:15)
  4 freezing wraiths
  6 kobold demonologists
  An efreet (D:13)
  3 hellwings
  A tengu conjurer (Depths:1)
  A yaktaur skeleton (Depths:1)
  7 wind drakes
  A tengu simulacrum (Vaults:3)
  10 trolls
  A meliai (shapeshifter) (Vaults:1)
  9 hornets
  4 polar bears
  Grinder (D:6)
  43 merfolk
  3 blink frogs (Lair:6)
  Prince Ribbit (D:6)
  10 hippogriffs
  9 snapping turtles
  A fire giant simulacrum (Vaults:3)
  25 dream sheep
  13 slime creatures
  A meliai zombie (D:14)
  A flying skull (Vaults:3)
  A hippogriff (shapeshifter) (Vaults:1)
  25 yaks
  15 spriggans
  7 fire elementals
  2 shadows
  2 vampires
  3 hogs (D:14)
  17 water elementals
  2 wraiths
  2 wyverns
  A tarantella (shapeshifter) (Elf:1)
  8 basilisks
  2 hungry ghosts
  2 vampire mosquitoes (D:12)
  9 wargs
  5 acid dragons
  42 nagas
  2 swamp worms (Lair:2)
  29 water moccasins
  5 porcupines
  4 hell hounds
  6 sky beasts
  A hornet zombie (D:13)
  A black bear (shapeshifter) (Vaults:3)
  55 orc warriors
  4 black bears (Lair:6)
  A slave (D:6)
  2 eyes of draining
  2 necrophages
  A spriggan simulacrum (Depths:1)
  5 ice beasts
  3 phantoms
  3 boggarts (Lair:6)
  23 ogres
  A centaur (shapeshifter) (Vaults:3)
  37 wolves
  9 big kobolds
  15 centaurs
  13 crocodiles
  Blork the orc (D:6)
  21 bullfrogs
  5 earth elementals (Elf:2)
  A deep troll simulacrum (Vaults:2)
  A wyvern zombie (D:14)
  A water moccasin skeleton (D:7)
  6 scorpions
  An orc simulacrum (Vaults:2)
  6 killer bees
  16 wights
  3 electric eels
  6 howler monkeys
  8 centaur zombies
  13 crimson imps
  2 bullfrog zombies (D:12)
  4 jellies
  34 orc wizards
  26 orc priests
  9 hounds
  4 bullfrog skeletons
  4 centaur skeletons
  Ijyb (D:3)
  5 iguanas
  A hell rat (D:11)
  3 worker ants
  2 hound skeletons (D:9)
  2 hound zombies (D:6)
  2 worker ant zombies
  A howler monkey skeleton (D:10)
  14 adders
  6 shadow imps
  A white imp (D:5)
  4 oozes
  3 adder skeletons
  5 worms
  A dart slug (D:2)
  7 leopard geckos
  155 orcs
  4 ball pythons
  5 giant cockroaches
  6 hobgoblins
  15 jackals
  43 kobolds
  5 quokkas
  6 bats
  3 frilled lizards
  2 giant cockroach zombies (D:5)
  10 goblins
  A jackal skeleton (D:4)
  A jackal zombie (D:9)
  9 rats
  A butterfly (Lair:5)
  2 fungi (Lair:6)
  38 plants
  4 tentacles (Shoals:4)
1717 creatures vanquished.

Vanquished Creatures (collateral kills)
  Harold (D:11)
  A hydra (Lair:3)
  2 death yaks (D:11)
  A yak (D:11)
  A quasit (D:11)
6 creatures vanquished.

Vanquished Creatures (others)
  A stone giant (Vaults:2)
  A yaktaur captain (Vaults:1)
  A rakshasa (Depths:2)
  A centaur warrior (Depths:1)
  10 yaktaurs
  A warg (Depths:1)
  A human (D:6)
  2 centaurs
  An orc wizard (Vaults:2)
  An orc (Orc:2)
  A kobold (D:13)
  28 fungi
  122 plants
  3 tentacles (Shoals:4)
174 creatures vanquished.

Grand Total: 1897 creatures vanquished

Notes
Turn   | Place    | Note
-------+----------+-------------------------------------------
     0 | D:1      | eodem the Minotaur Berserker began the quest for the Orb.
     0 | D:1      | Reached XP level 1. HP: 19/19 MP: 0/0
    45 | D:1      | Reached skill level 4 in Fighting
    66 | D:1      | Reached XP level 2. HP: 28/28 MP: 1/1
   353 | D:1      | Reached skill level 5 in Fighting
   353 | D:1      | Reached XP level 3. HP: 36/36 MP: 2/2
   718 | D:2      | Reached ** piety under Trog
   851 | D:2      | Reached skill level 6 in Fighting
   851 | D:2      | Reached XP level 4. HP: 30/44 MP: 3/3
  1495 | D:2      | Found a shimmering altar of Xom.
  1590 | D:3      | Noticed a +0 hand axe
  1591 | D:3      | Found a hide-covered altar of Uskayaw.
  1591 | D:3      | Noticed a +0 dagger
  1943 | D:3      | Reached XP level 5. HP: 51/51 MP: 4/4
  2031 | D:3      | Reached skill level 7 in Fighting
  2056 | D:3      | Noticed Ijyb
  2095 | D:3      | Killed Ijyb
  2535 | D:4      | Reached *** piety under Trog
  2931 | D:4      | Reached skill level 8 in Fighting
  2942 | D:4      | Found Nialola's Gadget Boutique.
  3254 | D:5      | Entered Level 5 of the Dungeon
  3292 | D:5      | Noticed an ogre
  3388 | D:5      | Reached XP level 6. HP: 61/61 MP: 5/5
  3551 | D:5      | Noticed a sky beast
  3569 | D:5      | Killed a sky beast
  3569 | D:5      | Reached skill level 5 in Maces & Flails
  3847 | D:5      | Noticed a sky beast
  3854 | D:5      | Reached XP level 7. HP: 68/68 MP: 6/6
  4951 | D:5      | Reached skill level 9 in Fighting
  4951 | D:5      | Reached XP level 8. HP: 78/78 MP: 7/7
  5083 | D:6      | Noticed Prince Ribbit
  5100 | D:6      | Killed Prince Ribbit
  5126 | D:6      | Reached skill level 10 in Fighting
  5191 | D:6      | Found a bloodstained altar of Trog.
  5235 | D:6      | Found an ancient bone altar of Kikubaaqudgha.
  5247 | D:6      | Noticed Blork the orc
  5324 | D:6      | Killed Blork the orc
  5403 | D:6      | Found a white marble altar of Elyvilon.
  5470 | D:6      | Noticed Grinder
  5470 | D:6      | Paralysed by Grinder for 4 turns
  5486 | D:6      | Killed Grinder
  5486 | D:6      | Reached skill level 11 in Fighting
  5630 | D:7      | Found a hazy altar of Hepliaklqana.
  5636 | D:7      | Reached **** piety under Trog
  5730 | D:7      | Reached skill level 12 in Fighting
  5732 | D:7      | Reached XP level 9. HP: 86/90 MP: 8/8
  5752 | D:7      | Found an opulent altar of Gozag.
  5905 | D:7      | Noticed Pikel
  5921 | D:7      | Killed Pikel
  5921 | D:7      | Reached skill level 13 in Fighting
  6066 | D:7      | Found a staircase to the Ecumenical Temple.
  6087 | D:7      | Reached skill level 14 in Fighting
  6116 | Temple   | Entered the Ecumenical Temple
  6172 | D:7      | Found an iron altar of Okawaru.
  6418 | D:7      | Received a gift from Trog
  6483 | D:7      | Noticed Joseph
  6505 | D:7      | Killed Joseph
  7192 | D:8      | Found a glowing silver altar of Zin.
  7263 | D:8      | Reached skill level 15 in Fighting
  7263 | D:8      | Reached XP level 10. HP: 96/105 MP: 9/9
  7690 | D:8      | Found a shadowy altar of Dithmenos.
  8551 | D:9      | Reached ***** piety under Trog
  8616 | D:9      | Found a staircase to the Orcish Mines.
  8764 | D:10     | Entered Level 10 of the Dungeon
  8842 | D:9      | Reached skill level 5 in Armour
  9497 | D:10     | Killed an unseen horror
  9500 | D:10     | Reached skill level 10 in Maces & Flails
  9771 | D:10     | Noticed a centaur warrior
  9782 | D:10     | Killed a centaur warrior
  9782 | D:10     | Reached XP level 11. HP: 114/114 MP: 10/10
 10265 | D:11     | Noticed a death yak
 10339 | D:11     | Noticed a wizard
 10345 | D:11     | Paralysed by a wizard for 2 turns
 10349 | D:11     | Killed a wizard
 10528 | D:11     | Noticed a brown ugly thing
 10543 | D:11     | Killed a brown ugly thing
 10707 | D:11     | Noticed Harold
 10730 | D:11     | Killed Harold
 10764 | D:11     | Found a staircase to the Lair.
 10775 | Lair:1   | Entered Level 1 of the Lair of Beasts
 10781 | Lair:1   | Noticed Erica
 10797 | Lair:1   | Killed Erica
 10831 | D:11     | Noticed a death yak
 10835 | D:11     | Noticed a death yak
 10844 | D:11     | Killed a death yak
 10847 | D:11     | Killed a death yak
 10860 | D:11     | Killed a death yak
 11491 | D:11     | Reached skill level 15 in Maces & Flails
 11491 | D:11     | Reached XP level 12. HP: 68/122 MP: 11/11
 11932 | Lair:1   | Noticed Nergalle
 11941 | Lair:1   | Killed Nergalle
 11942 | Lair:1   | Noticed Gastronok
 11961 | Lair:1   | Killed Gastronok
 12006 | Lair:1   | Reached skill level 16 in Fighting
 12939 | Lair:2   | Noticed an eight-headed hydra
 12943 | Lair:2   | Killed an eight-headed hydra
 13124 | Lair:2   | Reached skill level 17 in Fighting
 13621 | Lair:2   | Found a staircase to the Shoals.
 14341 | Lair:2   | Identified a scroll of acquirement
 14561 | Lair:3   | Found a staircase to the Snake Pit.
 14843 | Lair:3   | Reached skill level 18 in Fighting
 14917 | Lair:3   | Found a runed translucent gate.
 14918 | Lair:3   | Found a runed translucent gate.
 14918 | Lair:3   | Noticed eodem's ghost (journeyman DrMo)
 14919 | Lair:3   | Noticed a ten-headed hydra
 14920 | Lair:3   | Noticed a 13-headed hydra
 14923 | Lair:3   | Received a gift from Trog
 14923 | Lair:3   | Reached skill level 1 in Shields
 14924 | Lair:3   | Found a runed translucent gate.
 15372 | Lair:3   | Reached XP level 13. HP: 116/134 MP: 12/12
 15928 | Lair:4   | Noticed Snorg
 16399 | D:12     | Reached skill level 5 in Shields
 16542 | D:12     | You fall into a shaft and drop 2 floors!
 17328 | D:13     | Received a gift from Trog
 17505 | D:12     | Reached skill level 10 in Shields
 18483 | D:13     | Identified the +5 war axe of Currency {flame, rPois MR++}
 18774 | D:14     | Reached skill level 1 in Axes
 18791 | D:14     | Noticed Kirke
 18804 | D:14     | Killed Kirke
 18981 | D:14     | Noticed an ettin
 18995 | D:14     | Killed an ettin
 19097 | D:14     | Found a gate to the Vaults.
 19454 | D:15     | Entered Level 15 of the Dungeon
 19664 | D:15     | Reached XP level 14. HP: 144/144 MP: 13/13
 19685 | D:15     | Reached skill level 5 in Axes
 20859 | D:15     | Reached ****** piety under Trog
 20880 | D:15     | Found a staircase to the Depths.
 21356 | Lair:4   | Reached skill level 10 in Axes
 21536 | Lair:4   | Killed Snorg
 22222 | Lair:5   | Noticed Sonja
 22356 | Lair:5   | Received a gift from Trog
 22522 | Lair:5   | Killed Sonja
 22580 | Lair:6   | Entered Level 6 of the Lair of Beasts
 22767 | Lair:5   | Found a staircase to the Slime Pits.
 23756 | Lair:6   | Reached XP level 15. HP: 62/151 MP: 14/14
 24318 | Lair:6   | Reached skill level 15 in Axes
 24320 | Lair:6   | Received a gift from Trog
 24320 | Lair:6   | Reached skill level 19 in Fighting
 25426 | Lair:6   | Got a pair of transparent boots
 25438 | Lair:6   | Identified the +0 pair of boots of the Rose {rN++ Str+4
                  | Int-3} (You found it on level 6 of the Lair of Beasts)
 26091 | Orc:1    | Entered Level 1 of the Orcish Mines
 26182 | Orc:1    | Found a roughly hewn altar of Beogh.
 26217 | Orc:1    | Reached skill level 20 in Fighting
 26308 | Orc:2    | Entered Level 2 of the Orcish Mines
 26333 | Orc:2    | Received a gift from Trog
 26883 | Orc:2    | Found a roughly hewn altar of Beogh.
 26889 | Orc:2    | Noticed an orc warlord
 26933 | Orc:2    | Received a gift from Trog
 26937 | Orc:2    | Killed an orc warlord
 27032 | Orc:2    | Found a roughly hewn altar of Beogh.
 27208 | Orc:2    | Found a roughly hewn altar of Beogh.
 27245 | Orc:2    | Found a roughly hewn altar of Beogh.
 27251 | Orc:2    | Found Gyorphem's Antique Armour Emporium.
 27325 | Orc:2    | Noticed an orc warlord
 27326 | Orc:2    | Found Vewie's Antique Weapon Shop.
 27330 | Orc:2    | Received a gift from Trog
 27331 | Orc:2    | Found a roughly hewn altar of Beogh.
 27339 | Orc:2    | Killed an orc warlord
 27534 | Orc:2    | Found Ojeitt's Antique Armour Boutique.
 27552 | Orc:2    | Bought a glowing plate armour for 702 gold pieces
 27710 | Orc:2    | Found a staircase to the Elven Halls.
 27734 | Orc:2    | Found a roughly hewn altar of Beogh.
 27910 | Orc:2    | Found a roughly hewn altar of Beogh.
 27910 | Orc:2    | Found Ezoeg's Gadget Shop.
 28201 | Snake:1  | Entered Level 1 of the Snake Pit
 29228 | Snake:1  | Found a transporter.
 29613 | Snake:1  | Reached skill level 10 in Armour
 29613 | Snake:1  | Reached XP level 16. HP: 156/165 MP: 15/15
 29643 | Snake:1  | Noticed Jorgrun
 29655 | Snake:1  | Killed Jorgrun
 29655 | Snake:1  | Noticed Aizul
 30240 | Snake:1  | Found a transporter.
 30445 | Snake:1  | Killed Aizul
 30819 | Snake:2  | Found a frozen archway.
 31207 | Snake:2  | Noticed Azrael
 31233 | Snake:2  | Killed Azrael
 32018 | Snake:2  | Found a runed translucent door.
 32024 | Snake:2  | Noticed Vashnia
 32074 | Snake:2  | Received a gift from Trog
 32092 | Snake:2  | Killed Vashnia
 32423 | Snake:2  | Noticed Veruih's ghost (adept DDFi)
 32573 | Snake:2  | Killed Veruih's ghost
 32604 | Snake:3  | Found Furghuoh's Distillery.
 32643 | Snake:3  | Bought a potion of lignification for 45 gold pieces
 33153 | Snake:3  | Reached skill level 15 in Armour
 33274 | Snake:3  | Reached skill level 1 in Evocations
 33485 | Snake:4  | Entered Level 4 of the Snake Pit
 33661 | Snake:3  | Reached skill level 21 in Fighting
 34083 | Snake:3  | Found a runed translucent gate.
 34083 | Snake:3  | Found a runed translucent gate.
 34083 | Snake:3  | Found a runed translucent gate.
 34096 | Snake:3  | Got a brightly glowing broad axe
 34097 | Snake:3  | Identified the +7 broad axe of the Viper {venom, rC+ rN+}
                  | (You found it on level 3 of the Snake Pit)
 34126 | Snake:3  | Received a gift from Trog
 34141 | Snake:3  | Reached XP level 17. HP: 173/173 MP: 17/17
 34153 | Snake:3  | Got an encrusted war axe {god gift}
 34158 | Snake:3  | Identified the +5 war axe of Trog's Pride {antimagic, rElec
                  | rF+} (Trog gifted it to you on level 3 of the Snake Pit)
 34617 | Snake:4  | Noticed Saint Roka
 35226 | Snake:4  | Killed Saint Roka
 35346 | Snake:4  | Reached skill level 5 in Evocations
 35652 | Snake:4  | Received a gift from Trog
 36595 | Snake:4  | Reached skill level 22 in Fighting
 37096 | Snake:4  | Got a serpentine rune of Zot
 37789 | Elf:1    | Entered Level 1 of the Elven Halls
 38511 | Elf:1    | Received a gift from Trog
 39051 | Elf:1    | Reached skill level 23 in Fighting
 39444 | Elf:1    | Reached XP level 18. HP: 137/188 MP: 7/22
 39779 | Elf:1    | HP: 14/282 [+1 halberd of protection (15)]
 39780 | Elf:1    | HP: 6/282 [+1 halberd of protection (8)]
 40542 | Shoals:1 | Entered Level 1 of the Shoals
 41993 | Shoals:2 | Noticed Ilsuiw
 42012 | Shoals:2 | Killed Ilsuiw
 42012 | Shoals:2 | Received a gift from Trog
 42369 | Shoals:2 | Reached skill level 24 in Fighting
 43953 | Shoals:4 | Entered Level 4 of the Shoals
 44211 | Shoals:3 | Received a gift from Trog
 44942 | Shoals:3 | Found Ymuoduud's Assorted Antiques.
 46245 | Shoals:4 | Reached XP level 19. HP: 158/200 MP: 23/23
 46328 | Shoals:4 | Noticed Louise
 46342 | Shoals:4 | Received a gift from Trog
 46381 | Shoals:4 | Killed Louise
 46390 | Shoals:4 | Noticed Polyphemus
 46412 | Shoals:4 | Killed Polyphemus
 46412 | Shoals:4 | Reached skill level 25 in Fighting
 46784 | Shoals:4 | Noticed Bai Suzhen
 46916 | Shoals:4 | Killed Bai Suzhen
 47198 | Shoals:4 | Identified the Handbook of the Scorching Snowflakes
 47418 | Shoals:4 | Got a barnacled rune of Zot
 48596 | Elf:2    | Received a gift from Trog
 48823 | Elf:2    | Found a runed translucent gate.
 48823 | Elf:2    | Found a runed translucent gate.
 48825 | Elf:2    | Found a runed translucent gate.
 50494 | Vaults:1 | Entered Level 1 of the Vaults
 50975 | Orc:2    | Bought a glowing cloak for 202 gold pieces
 51213 | Vaults:1 | Found Tesotol's Antique Armour Emporium.
 51243 | Vaults:1 | Bought a shiny large shield for 270 gold pieces
 52399 | Vaults:2 | Received a gift from Trog
 52641 | Vaults:2 | Reached XP level 20. HP: 211/211 MP: 24/24
 53207 | Lair:3   | Killed eodem's ghost
 53222 | Lair:3   | Got an ebony war axe
 53223 | Lair:3   | Identified the +10 war axe "Ubawn" {chop, +Rage rElec
                  | Dex+4} (You found it on level 3 of the Lair of Beasts)
 54355 | Vaults:2 | Received a gift from Trog
 54685 | Vaults:3 | Noticed Mennas
 54730 | Vaults:3 | Killed Mennas
 55335 | Vaults:3 | Reached skill level 15 in Shields
 55349 | Vaults:3 | Received a gift from Trog
 56692 | Vaults:3 | Found a staircase to the Crypt.
 57013 | Depths:1 | Entered Level 1 of the Depths
 57025 | Depths:1 | Reached XP level 21. HP: 173/217 MP: 25/25
 57171 | Depths:1 | Received a gift from Trog
 57670 | Depths:1 | Got a smoking platinum ring
 57671 | Depths:1 | Identified the ring "Lonum" {*Tele rPois rN++ Dex-5 Stlth+}
                  | (You found it on level 1 of the Depths)
 57709 | Depths:1 | Got a heavily runed copper ring
 57710 | Depths:1 | Identified the ring of Pisk {+Inv rPois Str-5 Int+3 Dex+8}
                  | (You found it on level 1 of the Depths)
 57828 | Depths:1 | Found a gateway to a ziggurat.
 57998 | Depths:1 | Found a one-way gate leading to the halls of Pandemonium.
 58091 | Depths:1 | Upgraded the game from 0.24.0-123-gd5b16e6ec5 to
                  | 0.24.0-124-g2791043dd8
 58234 | Depths:1 | Found a gateway to Hell.
 58800 | Depths:2 | Got a glittering golden ring
 58803 | Depths:2 | Identified the ring of Bofo {AC+3 Str+6 Dex+4 Stlth-} (You
                  | found it on level 2 of the Depths)
 59010 | Depths:2 | Noticed a golden dragon
 59023 | Depths:2 | Noticed a juggernaut
 59536 | Depths:2 | Killed from afar by a frost giant

Levels and vault maps discovered:
D:1:      minmay_arrival_plants_in_alcoves, layout_loops_ring
D:2:      layout_rooms, tgw_xom
D:3:      kennysheep_the_goblin_king, layout_loops_cross,
          dancing_weapons_uskayaw
D:4:      layout_basic, minmay_shop_grid_forest, serial_bayou_lagoon_a
D:5:      layout_loops_corners, first_ration, minmay_fire_ice_demons
D:6:      layout_rooms, nicolae_overflow_hidden_temple,
          overflow_temple_1_default, hangedman_decor_slide_cut,
          tgw_kikubaaqudgha, uniq_prince_ribbit1, uniq_grinder,
          uniq_blork_the_orc
D:7:      layout_cave_pods, nicolae_gozag_cash_rules_everything_around_me,
          overflow_temple_1_default, okawaru_metal_pillars_1_2,
          minmay_temple_entry_grid, uniq_joseph, uniq_pikel
D:8:      layout_cave_pods, overflow_temple_1_default, grunt_dithmenos_shadows,
          minmay_crossroads
D:9:      layout_roguey, david_orc_3, blue_anna_alchemist
          [blue_anna_fruit_fields, blue_anna_fruit_fields]
D:10:     layout_small_grid, serial_co_window_serial, co_window_cross_1,
          co_window_paths_b, co_window_cross_1, co_window_of_opportunity_a,
          co_window_of_opportunity_a, co_window_of_opportunity_b,
          co_window_corner_ca, co_window_corner_b, co_window_cross_2,
          special_room [special_room_orc]
D:11:     layout_rooms, dpeg_lair_monsters, uniq_harold
D:12:     layout_cave_pools
D:13:     layout_layer_cave
D:14:     layout_rooms, david_vaults_4, uniq_kirke
D:15:     grunt_enter_depths_hoard, layout_stronghold, minmay_misc_feat_tiny,
          drop_trap, minmay_crystal_water, corexii_checkpoint_a,
          serial_park_tiny_pond
Temple:   nicolae_temple_god_jail
Lair:1:   beast_lair_carwin_large_2, layout_cave_shapes, grunt_megastairs_2,
          serial_bayou_shore_b, uniq_erica, uniq_nergalle, uniq_gastronok
Lair:2:   layout_roguey, elwin_shoals_entry_rooms, worms_lemuel
Lair:3:   layout_long_grid, minmay_snake_entry_six_corridors,
          gammafunk_ghost_hydra_chop
Lair:4:   layout_gridlike, beast_lair_carwin_4, uniq_snorg
Lair:5:   layout_concentric_octagons, minmay_slime_entry_pillars,
          chequers_serial_rivers_room_b, wad_woods_03, lemuel_fruit_fields,
          grunt_megastairs_4, uniq_sonja
Lair:6:   minmay_lair_end_enchanted_forest, layout_loops_ring
Shoals:1: layout_shoals
Shoals:2: layout_shoals, nicolae_shoals_wave_tunnel, uniq_ilsuiw
Shoals:3: layout_shoals, serial_shops, nicolae_shop_waterfront
Shoals:4: shoals_end_grunt_garden, layout_shoals,
          nicolae_shoals_kraken_intersection, uniq_polyphemus, uniq_bai_suzhen,
          uniq_louise
Snake:1:  gammafunk_the_bubble [the_bubble_gammafunk_crates], layout_gridlike,
          uniq_aizul, uniq_jorgrun
Snake:2:  layout_honeycomb, ebering_ghost_reflecting_pool,
          portal_ice_cave_entry_pillars_1, uniq_azrael, uniq_vashnia
Snake:3:  layout_misc_corridors, serial_shops, shop_coins, serial_bayou,
          serial_bayou_pond_e, serial_bayou_pond_e, serial_bayou_pond_a,
          serial_bayou_lagoon_b, nicolae_snake_horde_hoard
Snake:4:  grunt_snake_rune_pools, layout_cave_town, uniq_saint_roka
Orc:1:    layout_diamond_mine, lemuel_statue_altar
Orc:2:    grunt_orc_community_town_hall, layout_caves,
          grunt_orc_community_big_house_1, grunt_orc_community_big_house_2,
          grunt_orc_community_house_3, grunt_orc_community_house_1,
          grunt_orc_community_house_3, grunt_orc_community_house_1,
          grunt_orc_community_house_1, grunt_orc_community_house_3,
          minmay_orc_temple_b
Elf:1:    eino_elf_arrival_shootout, layout_onion_city, evilmike_minifort
Elf:2:    layout_geoelf_diagonals, drop_trap
Vaults:1: ontoclasm_vaults_bender, v_misc_16, hangedman_vaults_restitches,
          grunt_vaults_diagonal, ontoclasm_vaults_loading_screen,
          vaults_standard_mumra_x, layout_vaults_quadrants, serial_shops, shop,
          mu_enter_wizlab_3
Vaults:2: vaults_room_fancy_cross, v_pattern_3, ontoclasm_vaults_gateway,
          nicolae_vaults_border_crossing, v_alt_pattern_3,
          hangedman_vaults_stream, nicolae_vaults_theta,
          dpeg_vaults_monster_box, serial_ice_b, st_cross, v_misc_5,
          layout_vaults_ring
Vaults:3: minmay_crypt_entry_simple_corners, vaults_room_grid,
          hangedman_vaults_stretched_pinwheel, nicolae_vaults_three_branches,
          vaults_dpeg_ring, v_misc_22, v_misc_10, v_misc_27,
          nicolae_vaults_c_with_doors, nicolae_vaults_puzzle_piece,
          vaults_mumra_hexcomb, layout_vaults_omnicross, uniq_mennas
Depths:1: layout_cave_pools, enter_ziggurat_f, hellmouth_1,
          roderic_filled_cross, rand_demon_pan_entry_1, nooodl_orcs_dogs
Depths:2: grunt_crosshair, layout_gridlike, hangedman_tar_grid_catacomb,
          biasface_ghost_demon_polymorph, serial_glass, glass_columns_a,
          glass_columns_a, item_on_display_a, infiniplex_staircase_zigzag_1

Skill      XL: |  1  2  3  4  5  6  7  8  9 10 11 12 13 14 15 16 17 18 19 20 21 |
---------------+----------------------------------------------------------------+-----
Fighting       | 4 5 6 8 9 12 15 18 20 21 23 24 25 | 25.3
Maces & Flails | 6 8 10 15 16 17 18 | 18.3
Armour         | 7 10 15 18 19 20 | 20.3
Shields        | 3 10 11 16 17 | 17.9
Axes           | 4 13 15 | 15.0
Evocations     | 2 7 |  7.1
Dodging        | |  2.1

Action                   |  1- 3 |  4- 6 |  7- 9 | 10-12 | 13-15 | 16-18 | 19-21 || total
-------------------------+-------+-------+-------+-------+-------+-------+-------++-------
Melee: Mace              |    68 |   142 |   181 |       |       |       |       ||   391
       Headbutt          |    16 |    22 |    53 |   134 |   267 |   351 |   378 ||  1221
       Whip              |       |       |    84 |    58 |       |       |       ||   142
       Flail             |       |       |       |   324 |       |       |       ||   324
       Morningstar       |       |       |       |   198 |   264 |       |       ||   462
       War axe           |       |       |       |       |   762 |  1319 |  1172 ||  3253
       Executioner's axe |       |       |       |       |    70 |       |       ||    70
Throw: Javelin           |       |       |       |     2 |     4 |    10 |     4 ||    20
Invok: Trog's Hand       |     1 |       |     1 |     2 |     6 |     4 |     4 ||    18
       Berserk           |       |     5 |     9 |    16 |    18 |    14 |     9 ||    71
       Brothers in Arms  |       |       |       |     2 |       |     1 |     1 ||     4
Evoke: Wand              |       |       |     5 |       |    10 |    22 |    18 ||    55
       Lightning rod     |       |       |       |       |     1 |     2 |       ||     3
  Use: Scroll            |       |       |       |    24 |    14 |     8 |    10 ||    56
       Potion            |       |       |       |       |     2 |     4 |     1 ||     7
 Stab: Petrified         |       |       |       |       |     2 |       |       ||     2
  Eat: Chunk             |       |    13 |    14 |    25 |    50 |    24 |    29 ||   155
       Ration            |       |     1 |     1 |     5 |     6 |    13 |     7 ||    33
Armor: Animal skin       |    11 |    11 |       |       |       |       |       ||    22
       Leather armour    |       |    33 |   120 |    87 |       |       |       ||   240
       Chain mail        |       |    12 |       |   219 |   442 |       |       ||   673
       Plate armour      |       |       |       |       |    30 |   484 |   372 ||   886
       Skin              |       |       |       |       |       |     1 |       ||     1
Dodge: Dodged            |    66 |    92 |   182 |   179 |   260 |   233 |   160 ||  1172
       Deflected         |       |       |       |       |    16 |    78 |    47 ||   141
Block: Shield            |       |       |       |   111 |   481 |   699 |   203 ||  1494
       Large shield      |       |       |       |       |       |       |   849 ||   849
       Reflection        |       |       |       |       |       |       |   141 ||   141
